 Dungeon Crawl Stone Soup version 0.25-a0-10-g2fe12d4386 (webtiles) character file.

Game seed: 16299280368449452639, levelgen mode: deterministic

226 MrRokkomies the Vexing (level 5, 0/28 HPs)
             Began as a Vampire Enchanter on Oct 15, 2019.
             Was an Initiate of Gozag.
             Slain by a gnoll
             ... wielding a +0 spear
              (6 damage)
             ... on level 4 of the Dungeon.
             The game lasted 00:05:05 (2737 turns).

MrRokkomies the Vexing (Vampire Enchanter)          Turns: 2737, Time: 00:05:06

Health: 0/28       AC:  3    Str: 10    XL:     5   Next: 69%
Magic:  8/8        EV: 12    Int: 18    God:    Gozag
Gold:   199        SH:  3    Dex: 14    Spells: 3/8 levels left

rFire    . . .     SeeInvis +   m - +0 long sword (curse)
rCold    + + .     Gourm    .   e - +0 buckler
rNeg     + + +     Faith    .   b - +0 robe
rPois    ∞         Spirit   .   s - +0 helmet
rElec    .         Reflect  .   (no cloak)
rCorr    .         Harm     .   (no gloves)
MR       .....                  (no boots)
Stlth    +++++.....             (no amulet)
HPRegen  0.00/turn              d - +2 ring of strength
MPRegen  0.11/turn              (no ring)

@: bloodless, regenerating quickly
A: no food, fangs 3, see invisible, unbreathing
a: Bat Form, Revivify, Potion Petition, Call Merchant, Bribe Branch, Renounce
Religion


You were on level 4 of the Dungeon.
You worshipped Gozag.
Gozag was aware of your devotion.
You were bloodless.

You visited 1 branch of the dungeon, and saw 4 of its levels.

You collected 240 gold pieces.
You paid 41 gold pieces to Gozag.

Inventory:

Hand Weapons
 a - a +3 dagger of electrocution
 m - a cursed +0 long sword (weapon)
 p - a +0 hunting sling
Missiles
 f - 37 sling bullets
 g - 157 stones (quivered)
 h - 5 poisoned darts
Armour
 b - a +0 robe (worn)
 e - a +0 buckler (worn)
 s - a +0 helmet (worn)
Jewellery
 d - a +2 ring of strength (left hand)
 n - an uncursed ring of protection from magic {unknown}
Wands
 t - a wand of clouds (3)
Scrolls
 c - a scroll of amnesia
 l - a scroll of immolation
Potions
 i - 2 potions of heal wounds
 j - a potion of curing
 k - a potion of brilliance {unknown}
 o - a potion of ambrosia {unknown}
 q - a potion of invisibility {unknown}
 r - a potion of flight {unknown}


   Skills:
 * Level 4.0 Short Blades
 - Level 2.1 Dodging
 + Level 5.9 Stealth
 - Level 2.0 Spellcasting
 * Level 6.8 Hexes


You had 3 spell levels left.
You knew the following spells:

 Your Spells              Type           Power        Failure   Level  Hunger
b - Ensorcelled Hibernat  Hex/Ice        ##....       11%         2    N/A
c - Confuse               Hex            ####....     5%          3    N/A

Your spell library contained the following spells:

 Spells                   Type           Power        Failure   Level  Hunger
 Corona                   Hex            ####...      1%          1    N/A
 Tukima's Dance           Hex            ####....     5%          3    N/A
 Dazzling Spray           Conj/Hex       ##....       22%         3    N/A

Dungeon Overview and Level Annotations

Branches:
Dungeon (4/15)             Temple (0/1) D:4

Altars:
Cheibriados
Gozag
Ru
Yredelemnul

Annotations:
D:2 1 runed translucent door


Innate Abilities, Weirdness & Mutations

You do not eat.
You do not regenerate when monsters are visible.
You are frail without blood (-20% HP).
You can heal yourself when you bite living creatures.
You are immune to poison.
You have razor-sharp teeth.
You have supernaturally acute eyesight. (SInv)
You can survive without breathing.


Message History

You hit the gnoll.
The gnoll is moderately wounded.
The gnoll misses you. The gnoll hits you but does no damage.
You closely miss the gnoll. You bite the gnoll, but do no damage.
The gnoll is moderately wounded.
The gnoll closely misses you.
The gnoll hits you from afar with a +0 spear!
The gnoll hits you.
You hit the gnoll.
The gnoll is severely wounded.
The gnoll hits you from afar with a +0 spear.
The gnoll hits you.
You closely miss the gnoll.
The gnoll is severely wounded.
The gnoll hits you from afar with a +0 spear.
* * * LOW HITPOINT WARNING * * *
The gnoll closely misses you.
The gnoll hits you from afar with a +0 spear.
You die...
Your body crumbles into a pile of gold.

.# ####### ..# ##.....####
..g# #.........## #..g#
##.......%..## ...#
#............## ####..#
#.............## #
.......##..............####
.......ggg@............##..
#########...............%.#
##............<.###
#..............#
###...........##
#.........## ###.....##
######


You could see 3 gnolls.

Vanquished Creatures
  3 hounds (D:4)
  Jessica (D:3)
  A worker ant (D:4)
  3 adders (D:3)
  An adder skeleton (D:4)
  3 dart slugs (D:1)
  2 leopard geckos (D:3)
  An orc (D:4)
  5 bats
  A giant cockroach (D:2)
  6 goblins
  6 hobgoblins
  A quokka (D:4)
  A ball python (D:3)
  6 frilled lizards
  7 kobolds
  A kobold skeleton (D:2)
  A kobold zombie (D:2)
  A leopard gecko skeleton (D:4)
  8 rats
59 creatures vanquished.

Notes
Turn   | Place    | Note
-------+----------+-------------------------------------------
     0 | D:1      | MrRokkomies the Vampire Enchanter began the quest for the
                  | Orb.
     0 | D:1      | Reached XP level 1. HP: 13/13 MP: 3/3
   222 | D:1      | Reached XP level 2. HP: 7/15 MP: 5/5
   521 | D:1      | Reached skill level 5 in Hexes
   882 | D:1      | Reached XP level 3. HP: 19/19 MP: 6/6
   886 | D:1      | Learned a level 2 spell: Ensorcelled Hibernation
   890 | D:1      | Learned a level 3 spell: Confuse
  1057 | D:2      | Found a runed translucent door.
  1057 | D:2      | Noticed a human
  1063 | D:2      | Found a basalt altar of Yredelemnul.
  1339 | D:2      | Reached skill level 5 in Stealth
  1700 | D:3      | Noticed Jessica
  1708 | D:3      | Killed Jessica
  1708 | D:3      | Reached XP level 4. HP: 24/24 MP: 7/7
  1868 | D:3      | Found an opulent altar of Gozag.
  2017 | D:3      | Reached skill level 6 in Hexes
  2076 | D:3      | Found a sacrificial altar of Ru.
  2077 | D:3      | Found a snail-covered altar of Cheibriados.
  2270 | D:3      | Became a worshipper of Gozag Ym Sagoz the Greedy
  2411 | D:4      | Reached XP level 5. HP: 24/28 MP: 8/8
  2612 | D:4      | Found a staircase to the Ecumenical Temple.
  2737 | D:4      | Slain by a gnoll

Levels and vault maps discovered:
D:1:      giann_horns, layout_basic, minmay_hexomino_p4
D:2:      layout_basic, grunt_decor_fettered, dk_yredelemnul_ordeal
D:3:      layout_rooms, nicolae_gozag_seed_capital, minitemple,
          grunt_decor_one_mirror, minmay_misc_feat_enclosed, uniq_jessica
D:4:      layout_cave_pods, minmay_temple_entry_poolview, first_ration

Skill      XL: |  1  2  3  4  5 |
---------------+----------------+-----
Short Blades   | 2 3 4 |  4.0
Hexes          | 5 6 |  6.8
Stealth        | 5 |  5.9
Dodging        | |  2.1
Spellcasting   | |  2.0

Action                   |  1- 3 |  4- 6 || total
-------------------------+-------+-------++-------
Melee: Dagger            |    60 |    30 ||    90
       Bite              |     4 |     8 ||    12
       Long sword        |       |    31 ||    31
Throw: Stone             |       |     1 ||     1
 Cast: Ensorcelled Hiber |       |     2 ||     2
 Abil: Exsanguinate      |     1 |       ||     1
  Use: Scroll            |     6 |       ||     6
 Stab: Sleeping          |    22 |    12 ||    34
Armor: Robe              |     8 |     7 ||    15
Dodge: Dodged            |    16 |    39 ||    55
Block: Buckler           |       |     1 ||     1
       Rpst.: Long sword |       |    10 ||    10

Table legend:
 A = Non-vault XP
 B = Vault XP
 C = Vault XP percentage of total XP
 D = Non-vault monster count
 E = Vault monster count
 F = Vault count percentage of total count
                 A         B        C        D         E       F
            +---------+---------+-------+---------+---------+-------
      Total |     275 |      49 |  15.1 |      52 |       7 |  11.9
            +---------+---------+-------+---------+---------+-------
        D:1 |      32 |      10 |  23.8 |      19 |       4 |  17.4
        D:2 |      15 |       2 |  11.8 |      10 |       2 |  16.7
        D:3 |      56 |      37 |  39.8 |      12 |       1 |   7.7
        D:4 |     172 |       0 |   0.0 |      11 |       0 |   0.0
            +---------+---------+-------+---------+---------+-------
